 Dungeon Crawl Stone Soup version 0.29.0 (webtiles) character file.

Game seed: 4167845546829206900

133125 catcat the Warrior (level 16, -6/162 HPs)
             Began as a Minotaur Fighter on Sept 1, 2022.
             Was the Champion of Okawaru.
             Shot with an arrow by a naga sharpshooter (19 damage)
             ... on level 4 of the Snake Pit.
             The game lasted 01:05:03 (26832 turns).

catcat the Warrior (Minotaur Fighter)              Turns: 26832, Time: 01:05:04

Health: -6/162     AC: 27    Str: 35    XL:     16   Next: 59%
Magic:  20/20      EV: 12    Int:  8    God:    Okawaru [******]
Gold:   1077       SH: 13    Dex: 12    Spells: 15/15 levels left

rFire   + + .      SeeInvis +   N - +0 broad axe (venom)
rCold   + + .      Faith    +   K - +1 kite shield "Wecuarytt" {rF+ Int+3}
rNeg    . . .      Spirit   .   y - +2 plate armour {rC+}
rPois   +          Reflect  .   w - +1 hat
rElec   +          Harm     .   U - +0 cloak
rCorr   .          Rampage  .   W - +2 pair of gloves {hurl}
Will    +....                   b - +0 pair of boots of Corol {rPois Dex+2 SInv Stlth+}
Stlth   ..........              p - amulet of the Peasants {Faith rElec rC+ Regen+}
HPRegen 1.17/turn               g - +6 ring of strength
MPRegen 0.17/turn               J - ring of protection from fire

@: lethally poisoned (-6 -> -8), slowed, very slow
A: horns 2, retaliatory headbutt
a: Renounce Religion, Heroism, Finesse, Duel


You were on level 4 of the Snake Pit.
You worshipped Okawaru.
Okawaru was exalted by your worship.
You visited 5 branches of the dungeon, and saw 24 of its levels.
You visited 1 bazaar.
You also visited: Sewer and Ice Cave.

You collected 2435 gold pieces.
You spent 1358 gold pieces at shops.

Inventory:

Hand Weapons
 a - a +0 war axe of flaming
 t - the +6 battleaxe of Regicide {freeze, rN+ Str-3 Dex+4}
   (Okawaru gifted it to you on level 10 of the Dungeon)

   It freezes those it strikes, dealing additional cold damage.
   It can also slow down cold-blooded creatures.
   Str:       It affects your strength (-3).
   Dex:       It affects your dexterity (+4).
   rN:        It protects you from negative energy.
 z - a +2 hand axe of flaming
 N - a +0 broad axe of venom (weapon)
 O - a +1 war axe of freezing
Missiles
 l - 10 boomerangs
 Q - 20 javelins (quivered)
 T - 2 silver boomerangs
 Y - a throwing net
Armour
 b - the +0 pair of boots of Corol (worn) {rPois Dex+2 SInv Stlth+}
   (Okawaru gifted it to you on level 2 of the Lair of Beasts)

   Dex:       It affects your dexterity (+2).
   rPois:     It protects you from poison.
   SInv:      It lets you see invisible.
   Stlth:     It makes you more stealthy.
 n - a +2 buckler
 w - a +1 hat (worn)
 y - a +2 plate armour of cold resistance (worn)
 E - a +0 tower shield
 K - the +1 kite shield "Wecuarytt" (worn) {rF+ Int+3}
   (Okawaru gifted it to you on level 4 of the Snake Pit)

   Int:       It affects your intelligence (+3).
   rF:        It protects you from fire.
 U - a +0 cloak (worn)
 V - a +2 chain mail of fire resistance
 W - a +2 pair of gloves of hurling (worn)
Jewellery
 g - a +6 ring of strength (left hand)
 i - a ring of ice
 k - a ring of flight
 p - the amulet of the Peasants (around neck) {Faith rElec rC+ Regen+}
   (You bought it in a shop on level 9 of the Dungeon)

   [amulet of faith]

   It allows you to gain divine favour quickly.
   rC:        It protects you from cold.
   rElec:     It insulates you from electricity.
   Regen:     It increases your rate of health regeneration.
 F - a ring of positive energy
 J - a ring of protection from fire (right hand)
 L - a ring of willpower
 X - a ring of willpower
Wands
 B - a wand of iceblast (7)
 D - a wand of flame (42)
 G - a wand of digging (18)
 I - a wand of light (27)
Scrolls
 h - 4 scrolls of enchant weapon
 j - 2 scrolls of teleportation
 q - a scroll of silence
 s - 4 scrolls of blinking
 u - 3 scrolls of magic mapping
 x - 6 scrolls of enchant armour
 A - 3 scrolls of poison
 S - 2 scrolls of fear
Potions
 c - a potion of berserk rage
 d - 2 potions of lignification
 e - a potion of heal wounds
 m - 8 potions of curing
 o - 8 potions of haste
 r - a potion of mutation
 v - a potion of cancellation
 C - 6 potions of flight
 H - a potion of magic
 M - 3 potions of resistance
 P - 3 potions of invisibility
 R - a potion of ambrosia
 Z - 2 potions of brilliance


   Skills:
 - Level 20.0 Fighting
 * Level 17.6 Axes
 - Level 5.0 Throwing
 - Level 16.0 Armour
 - Level 11.0 Dodging
 + Level 12.6 Shields
 - Level 7.0 Invocations


You had 15 spell levels left.
You didn't know any spells.
Your spell library contained the following spells:

 Spells                   Type           Power      Damage    Failure   Level
 Apportation              Tloc           0%         N/A       98%         1
 Foxfire                  Conj/Fire      0%         2x1d4     98%         1
 Magic Dart               Conj           0%         1d3       98%         1
 Necrotise                Necr           0%         1d4       98%         1
 Ensorcelled Hibernation  Hex/Ice        0%         N/A       99%         2
 Searing Ray              Conj           0%         2d4       99%         2
 Conjure Flame            Conj/Fire      0%         6-21      100%        3
 Inner Flame              Hex/Fire       0%         N/A       100%        3
 Spider Form              Tmut/Pois      0%         N/A       100%        3
 Anguish                  Hex/Necr       0%         N/A       100%        4
 Flame Wave               Conj/Fire      0%         2d4       100%        4
 Fulminant Prism          Conj/Hex       0%         3d6       100%        4
 Iskenderun's Mystic Bla  Conj/Tloc      0%         2d3       100%        4
 Passage of Golubria      Tloc           0%         N/A       100%        4
 Blade Hands              Tmut           0%         N/A       100%        5
 Lee's Rapid Deconstruct  Erth           0%         3d5*      100%        5
 Yara's Violent Unravell  Hex/Tmut       0%         3d3       100%        5
 Iron Shot                Conj/Erth      0%         9d1       100%        6
 Orb of Destruction       Conj           0%         9d5       100%        7
 Summon Small Mammal      Summ           Unusable   N/A       N/A         1
 Summon Guardian Golem    Hex/Summ       Unusable   N/A       N/A         3
 Tukima's Dance           Hex            Unusable   N/A       N/A         3
 Animate Armour           Summ/Erth      Unusable   N/A       N/A         4
 Spellforged Servitor     Conj/Summ      Unusable   N/A       N/A         7

Dungeon Overview and Level Annotations

Branches:
Dungeon (12/15)            Temple (1/1) D:4            Lair (5/5) D:8
  Swamp (0/4) Lair:2        Snake (4/4) Lair:2        Slime (0/5) Lair:5
    Orc (2/2) D:12            Elf (0/3) Orc:2         Sewer (visited)
  IceCv (visited)

Altars:
Ashenzari
Cheibriados
Dithmenos
Elyvilon
Fedhas
Gozag
Hepliaklqana
Kikubaaqudgha
Makhleb
Nemelex Xobeh
Okawaru
Qazlal
Ru
Sif Muna
Trog
Uskayaw
Vehumet
Wu Jian
Xom
Yredelemnul
Zin
The Shining One
Jiyva

Shops:
D:9 =   Orc:1 [   Orc:2 ([?   Snake:3 ?

Annotations:
D:8 3 runed translucent doors
Lair:2 3 runed translucent doors, bobfrom10's ghost, journeyman DjCj
Snake:4 Vashnia


Innate Abilities, Weirdness & Mutations

You have a pair of horns on your head.
You reflexively headbutt those who attack you in melee.


Message History

You block the naga sharpshooter's attack. x2
You feel very sick.
You are more poisoned.
The shock serpent bites you.
* * * LOW HITPOINT WARNING * * *
The shock serpent shocks you. You resist.
* * * LOW HITPOINT WARNING * * *
The naga sharpshooter hits you but does no damage.
The shock serpent shoots out a bolt of lightning at you!
The bolt of electricity hits you. You resist.
* * * LOW HITPOINT WARNING * * *
You see here a +0 dire flail.
Unknown command.
Unknown command.
Blink to where?
Press: ? - help, Dir - move target
As you read the scroll of blinking, it crumbles to dust.
You feel very sick.
The naga sharpshooter unwields a +0 short sword.
The naga sharpshooter wields a +0 arbalest.
The naga sharpshooter casts a spell.
The naga sharpshooter magically shoots a bolt.
You block the bolt.
The shock serpent shoots out a bolt of lightning at you!
The bolt of electricity misses you.
The naga sharpshooter unwields a +0 trident.
The naga sharpshooter wields a +0 longbow.
The naga sharpshooter shoots an arrow.
The arrow hits you!
* * * LOW HITPOINT WARNING * * *
The naga sharpshooter mumbles some strange words.
The naga sharpshooter magically shoots a bolt.
The bolt hits you but does no damage.
Unknown command.
You feel very sick.
* * * LOW HITPOINT WARNING * * *
You are more poisoned.
The naga ritualist's toxic aura wanes.
The naga sharpshooter mumbles some strange words.
The naga sharpshooter magically shoots an arrow.
The arrow hits you!!
You die...

...,,,,.....##.......#.......((..
...,,,,,,..,*#.......#.....(((...
...,,,,,,...*#+#######.......(...
...,,,,,,...##############.....#.
###*,,,,,........................
,,,*,,,,,.........)[.............
**,*,,,,,...........NN...........
,*,*,,,,,..........ยง..N......)..N
,*,*,,,***##....@.S.)N.(........N
,*,*,,,*,,,#.....................
,*,*,,,*,..'.......############..
+*,*,,,*,..#......## ****,..N.
*,,*,,,*,.,#....### ***,,*.....
,,,*,,,*,,,#...#* *,,,,#....N
,,,*,,,*,,,#...* **,,,,#.N#..
****,,,****#...** *,,,,**,,,,,
,,,,,,,,,,,,,,,,* *,,,,,*,,,,,


You could see 2 naga sharpshooters, a naga ritualist (curare, catching breath),
a shock serpent and a naga mage.

Vanquished Creatures
  4 nagarajas
  Aizul (Snake:3)
  A frost giant (IceCv)
  Snorg (D:10)
  Josephine (D:10)
  3 hydras
  3 salamander tyrants
  Erolcha (D:11)
  2 boulder beetles
  2 catoblepae
  A centaur warrior (D:12)
  A two-headed ogre (D:12)
  11 anacondas
  A deep troll shaman (Lair:5)
  12 death yaks
  4 orc high priests (Orc:2)
  Urug (D:10)
  16 naga warriors
  11 shock serpents
  16 naga sharpshooters
  5 salamander mystics
  5 naga ritualists
  2 lindwurms
  3 mana vipers
  20 salamanders
  3 cyclopes
  2 orc sorcerers (Orc:2)
  An ice statue (IceCv)
  32 black mambas
  3 guardian serpents
  11 naga magi
  18 elephants
  A gargoyle (D:11)
  2 torpor snails (Lair:5)
  An unseen horror (D:10)
  Psyche (D:8)
  A kobold demonologist (D:12)
  9 komodo dragons
  13 cane toads
  12 rime drakes
  3 trolls
  8 polar bears
  Grinder (D:5)
  2 tyrant leeches (Lair:2)
  A hornet (D:8)
  5 slime creatures (D:12)
  4 dream sheep (Lair:5)
  2 vampires
  7 wraiths
  A steam dragon (Lair:2)
  47 yaks
  4 wyverns
  3 basilisks
  7 vampire mosquitoes
  Edmund (D:5)
  25 nagas
  2 wargs (D:12)
  5 swamp worms (Lair:2)
  3 acid dragons
  Duvessa (D:5)
  11 water moccasins
  2 ice beasts (D:5)
  19 orc warriors
  5 black bears
  29 wolves
  2 ogres
  A centaur (D:8)
  13 bullfrogs
  5 kobold brigands
  A two-headed ogre simulacrum (D:12)
  2 gnoll sergeants
  2 cane toad simulacra (D:12)
  6 scorpions
  3 wights (D:7)
  Dowan (D:5)
  5 killer bees (D:9)
  An elephant simulacrum (D:12)
  A howler monkey (D:8)
  An electric eel (Lair:1)
  26 orc priests
  2 gnoll boudas
  4 hounds
  2 jellies
  2 iguanas
  31 orc wizards
  2 spriggan simulacra (D:12)
  A polar bear simulacrum (D:12)
  14 gnolls
  13 adders
  A naga simulacrum (D:12)
  A white imp (D:6)
  An ufetubus (D:5)
  3 worms
  2 dart slugs
  62 orcs
  4 endoplasms
  3 giant cockroaches
  11 goblins
  11 hobgoblins
  11 jackals
  14 kobolds
  4 quokkas
  7 ball pythons
  4 bats
  3 frilled lizards
  6 rats
725 creatures vanquished.

Vanquished Creatures (others)
  A naga (Snake:4)
  An orc priest (Orc:2)
  57 fungi
  74 plants
133 creatures vanquished.

Grand Total: 858 creatures vanquished

Notes
Turn   | Place    | Note
-------+----------+-------------------------------------------
     0 | D:1      | catcat the Minotaur Fighter began the quest for the Orb.
     0 | D:1      | Reached XP level 1. HP: 19/19 MP: 0/0
   240 | D:1      | Reached XP level 2. HP: 18/27 MP: 1/1
   355 | D:1      | Reached skill level 4 in Fighting
   724 | D:1      | Reached XP level 3. HP: 33/33 MP: 2/2
  1391 | D:2      | Reached XP level 4. HP: 31/41 MP: 3/3
  1773 | D:2      | Reached skill level 5 in Axes
  1792 | D:2      | Reached XP level 5. HP: 40/47 MP: 4/4
  2061 | D:3      | Reached skill level 5 in Fighting
  2216 | D:3      | Found an ornate altar of the Wu Jian Council.
  2240 | D:3      | Identified the +1 ring mail of the Crypt {Harm Will+++
                  | Regen+}
  2313 | D:3      | Found a faded altar of an unknown god.
  2809 | D:4      | Reached skill level 1 in Dodging
  2858 | D:4      | Reached XP level 6. HP: 56/56 MP: 5/5
  2878 | D:4      | Found a staircase to the Ecumenical Temple.
  2935 | Temple   | Entered the Ecumenical Temple
  3022 | Temple   | Became a worshipper of Warmaster Okawaru
  3525 | D:5      | Entered Level 5 of the Dungeon
  3592 | D:5      | Found a white marble altar of Elyvilon.
  3609 | D:5      | Noticed an ice beast
  3683 | D:5      | Reached XP level 7. HP: 54/61 MP: 6/6
  3697 | D:5      | Noticed Edmund
  3711 | D:5      | Killed Edmund
  3711 | D:5      | Reached * piety under Okawaru
  3772 | D:5      | Noticed Dowan
  3773 | D:5      | Noticed Duvessa
  3789 | D:5      | Killed Duvessa
  3790 | D:5      | Reached skill level 5 in Armour
  3793 | D:5      | Killed Dowan
  3840 | D:5      | Found a glowing drain.
  3886 | Sewer    | Entered a sewer
  4160 | D:5      | Reached XP level 8. HP: 70/70 MP: 7/7
  4207 | D:5      | Reached skill level 6 in Fighting
  4207 | D:5      | Reached skill level 10 in Axes
  4207 | D:5      | Reached skill level 1 in Invocations
  4252 | D:5      | Noticed Grinder
  4260 | D:5      | Killed Grinder
  4260 | D:5      | Reached ** piety under Okawaru
  4768 | D:6      | Reached skill level 7 in Fighting
  4896 | D:6      | Found a hazy altar of Hepliaklqana.
  5230 | D:6      | Reached XP level 9. HP: 60/79 MP: 9/9
  5344 | D:6      | Found a bloodstained altar of Trog.
  5747 | D:7      | Noticed a cyclops
  5753 | D:7      | Killed a cyclops
  5753 | D:7      | Reached *** piety under Okawaru
  6203 | D:8      | Found an ancient bone altar of Kikubaaqudgha.
  6327 | D:8      | Found a shimmering blue altar of Sif Muna.
  6404 | D:8      | Noticed Psyche
  6431 | D:8      | Killed Psyche
  6522 | D:8      | Reached **** piety under Okawaru
  6523 | D:8      | Reached skill level 8 in Fighting
  6554 | D:8      | Reached XP level 10. HP: 81/88 MP: 10/10
  6583 | D:8      | Found a staircase to the Lair.
  6907 | D:8      | Found a basalt altar of Yredelemnul.
  7160 | D:8      | Found a runed translucent gate.
  7160 | D:8      | Found a runed translucent gate.
  7160 | D:8      | Noticed a white ugly thing
  7160 | D:8      | Noticed a brown ugly thing
  7160 | D:8      | Noticed a glowing orange brain
  7160 | D:8      | Noticed a white ugly thing
  7160 | D:8      | Noticed a brown ugly thing
  7161 | D:8      | Found a runed translucent gate.
  7327 | D:9      | Reached skill level 15 in Axes
  7365 | D:9      | Found Uma Beqo's Jewellery Shoppe.
  7411 | D:9      | Reached ***** piety under Okawaru
  8001 | D:10     | Entered Level 10 of the Dungeon
  8009 | D:10     | Reached skill level 9 in Fighting
  8287 | Lair:1   | Entered Level 1 of the Lair of Beasts
  8295 | Lair:1   | Noticed a death yak
  8301 | Lair:1   | Noticed a death yak
  8305 | Lair:1   | Reached XP level 11. HP: 74/99 MP: 13/13
  8306 | Lair:1   | Reached skill level 10 in Fighting
  8306 | Lair:1   | Noticed a death yak
  8325 | D:8      | Killed a death yak
  8329 | D:8      | Killed a death yak
  8330 | D:8      | Reached skill level 5 in Dodging
  8427 | D:8      | Killed a death yak
  8427 | D:8      | Identified the +1 chain mail "Usamer" {Regen+} (Okawaru
                  | gifted it to you on level 8 of the Dungeon)
  8427 | D:8      | Received a gift from Okawaru
  8511 | Lair:1   | Noticed a death yak
  8526 | Lair:1   | Killed a death yak
  8527 | Lair:1   | Reached skill level 11 in Fighting
  8652 | Lair:1   | Reached skill level 12 in Fighting
  9205 | Lair:1   | Reached skill level 13 in Fighting
  9341 | Lair:1   | Reached XP level 12. HP: 65/115 MP: 14/14
  9548 | Lair:1   | Reached ****** piety under Okawaru
  9647 | Lair:1   | Reached skill level 5 in Invocations
  9836 | Lair:2   | Noticed a boulder beetle
  9847 | Lair:2   | Killed a boulder beetle
  9848 | Lair:2   | Reached skill level 1 in Throwing
  9920 | Lair:2   | Noticed a seven-headed hydra
  9935 | Lair:2   | Noticed a five-headed hydra
  9936 | Lair:2   | Killed a three-headed hydra
  9936 | Lair:2   | Identified the +0 pair of boots of Corol {rPois Dex+2 SInv
                  | Stlth+} (Okawaru gifted it to you on level 2 of the Lair of
                  | Beasts)
  9936 | Lair:2   | Received a gift from Okawaru
  9940 | Lair:2   | Reached skill level 14 in Fighting
  9948 | Lair:2   | Killed a two-headed hydra
 10053 | Lair:2   | Found a staircase to the Snake Pit.
 10088 | Lair:2   | Found a runed translucent gate.
 10093 | Lair:2   | Found a runed translucent gate.
 10094 | Lair:2   | Found a runed translucent gate.
 10098 | Lair:2   | Noticed bobfrom10's ghost (journeyman DjCj)
 10169 | Lair:2   | Found a viscous altar of Jiyva.
 10242 | Lair:2   | Reached skill level 15 in Fighting
 10704 | Lair:2   | Found a staircase to the Swamp.
 10988 | Lair:3   | Noticed a catoblepas
 10997 | Lair:3   | Killed a catoblepas
 11033 | Lair:3   | Identified the +0 chain mail of Ceudat {Int+6}
 11238 | Lair:3   | Reached skill level 10 in Armour
 11625 | Lair:4   | Identified the +11 sling of Qesoa {freeze, Fly Int+4}
 11751 | Lair:4   | Reached XP level 13. HP: 118/127 MP: 15/17
 11850 | Lair:4   | Received a gift from Okawaru
 12341 | Lair:5   | Entered Level 5 of the Lair of Beasts
 12341 | Lair:5   | Found a staircase to the Slime Pits.
 12451 | Lair:5   | Received a gift from Okawaru
 13059 | Lair:5   | Received a gift from Okawaru
 13060 | Lair:5   | Reached skill level 16 in Fighting
 13494 | Lair:5   | Reached skill level 17 in Fighting
 13850 | D:10     | Noticed Snorg
 14100 | D:10     | Found a glowing golden altar of the Shining One.
 14107 | D:10     | Noticed Urug
 14107 | D:10     | Noticed Josephine
 14119 | D:10     | Killed Urug
 14121 | D:10     | Killed Josephine
 14202 | D:10     | Killed Snorg
 14442 | D:10     | Identified the +6 battleaxe of Regicide {freeze, rN+ Str-3
                  | Dex+4} (Okawaru gifted it to you on level 10 of the
                  | Dungeon)
 14442 | D:10     | Received a gift from Okawaru
 15004 | D:11     | Noticed Erolcha
 15011 | D:11     | Killed Erolcha
 15012 | D:11     | Reached XP level 14. HP: 139/140 MP: 18/18
 15816 | D:12     | Found a frozen archway.
 15846 | IceCv    | Entered an ice cave
 16057 | IceCv    | Received a gift from Okawaru
 16058 | IceCv    | Reached skill level 10 in Dodging
 16388 | IceCv    | Noticed a frost giant
 16412 | IceCv    | Killed a frost giant
 17048 | D:12     | Found a staircase to the Orcish Mines.
 17383 | Orc:1    | Entered Level 1 of the Orcish Mines
 17412 | Orc:1    | Found Mube Becoe's Armour Shoppe.
 17423 | Orc:1    | Bought a +1 hat for 121 gold pieces
 17935 | Orc:2    | Entered Level 2 of the Orcish Mines
 17935 | Orc:2    | Found a flickering gateway to a bazaar.
 17942 | Bazaar   | Entered a bazaar
 17942 | Bazaar   | Found Jilo's General Store.
 17952 | Bazaar   | Found Cigyk's Jewellery Boutique.
 17963 | Bazaar   | Found Otimin Wuot's Antique Armour Emporium.
 17971 | Bazaar   | Found Eluhiss's Magic Scroll Emporium.
 17979 | Bazaar   | Bought a scroll of enchant armour for 142 gold pieces
 17982 | Bazaar   | Found Tomeot's Antique Weapon Boutique.
 18508 | Orc:2    | Found Qadeggug's Magic Scroll Shop.
 18508 | Orc:2    | Found Xajiv's Antique Weapon Boutique.
 18508 | Orc:2    | Found Tunuoc's Armour Boutique.
 18583 | Orc:2    | Found Ocenit's Magic Scroll Shop.
 18602 | Orc:2    | Bought a scroll of blinking for 105 gold pieces
 18729 | Orc:2    | Reached skill level 18 in Fighting
 18743 | Orc:2    | Found a staircase to the Elven Halls.
 18926 | Orc:2    | Reached skill level 15 in Armour
 18981 | Orc:2    | Bought a +2 pair of gloves of hurling for 258 gold pieces
 19194 | Snake:1  | Entered Level 1 of the Snake Pit
 19642 | D:9      | Bought the amulet of the Peasants {Faith rElec rC+ Regen+}
                  | for 732 gold pieces
 19853 | Snake:1  | Received a gift from Okawaru
 20015 | Snake:1  | Reached XP level 15. HP: 150/150 MP: 19/19
 20182 | Snake:1  | Received a gift from Okawaru
 20611 | Snake:2  | Reached skill level 5 in Throwing
 20739 | Snake:2  | Received a gift from Okawaru
 20857 | Snake:2  | Identified the +7 short sword "Cookie Cutter" {antimagic,
                  | +Blink rElec rCorr Dex-4} (Okawaru gifted it to you on
                  | level 2 of the Snake Pit)
 20857 | Snake:2  | Received a gift from Okawaru
 20898 | Snake:2  | Noticed a nagaraja
 20911 | Snake:2  | Killed a nagaraja
 20912 | Snake:2  | Reached skill level 19 in Fighting
 21761 | Snake:2  | Received a gift from Okawaru
 22290 | Snake:3  | Noticed Aizul
 22410 | Snake:3  | Found Niul's Magic Scroll Boutique.
 22495 | Snake:3  | Reached skill level 5 in Shields
 22670 | Snake:3  | Reached skill level 20 in Fighting
 23295 | Snake:3  | Killed Aizul
 23309 | Snake:3  | Received a gift from Okawaru
 23564 | Snake:3  | Identified the +0 broad axe of Kefoe {vorpal, Str+4 SInv}
                  | (Okawaru gifted it to you on level 3 of the Snake Pit)
 23564 | Snake:3  | Received a gift from Okawaru
 24085 | Snake:3  | Reached skill level 10 in Shields
 24085 | Snake:3  | Reached XP level 16. HP: 114/162 MP: 20/20
 24090 | Snake:3  | HP: 8/162 [naga/+2 trident of freezing (1)]
 24331 | Snake:4  | Entered Level 4 of the Snake Pit
 24797 | Snake:4  | Identified the +1 kite shield "Wecuarytt" {rF+ Int+3}
                  | (Okawaru gifted it to you on level 4 of the Snake Pit)
 24797 | Snake:4  | Received a gift from Okawaru
 25823 | Snake:4  | Identified the +2 robe of Uskayaw, Howling {Str+5}
 25973 | Snake:4  | Noticed Vashnia
 26832 | Snake:4  | Shot with an arrow by a naga sharpshooter

Illustrated notes

Levels and vault maps discovered:
D:1:      dpeg_cavernosity, layout_basic
D:2:      layout_basic
D:3:      layout_loops_corners, lemuel_round_altar,
          ebering_ecumenical_altar_sacrificial, kennysheep_generic_room_7
D:4:      layout_loops_cross, minmay_temple_entry_drinking_statues
D:5:      minmay_skewed_foursquare, layout_rooms, kennysheep_little_box,
          gup_sewer_entry_spiral, minivault_25, uniq_edmund, uniq_grinder,
          uniq_duvessa
D:6:      layout_basic, kennysheep_mini, trog_book, minmay_misc_feat_room
D:7:      layout_rooms, kb_rosetta
D:8:      layout_loops_ring, yredelemnul_altar_generic,
          mainiacjoe_overflow_catch_the_wave, due_lair_maze_entry_diamond,
          ploomutoo_gammafunk_ghost_potion_laboratory, uniq_psyche
D:9:      layout_irregular_city, serial_shops, nicolae_shop_hallway_plus,
          serial_glass, glass_columns_c, glass_columns_a,
          minmay_unpleasant_kobolds
D:10:     layout_loops_cross, general_overflow_altar,
          chequers_serial_rivers_room_a, uniq_urug, uniq_snorg, uniq_josephine
D:11:     layout_loops_corners, hangedman_decor_peaks_small, moated_statue,
          uniq_erolcha
D:12:     layout_roguey, david_orc_1_choice, portal_ice_cave_entry_ice_simulacra
Temple:   zaba_magenta_temple
Lair:1:   layout_loops_ring, nicolae_lair_grazing_beasts
          [nicolae_sub_lair_graze_edge, nicolae_sub_lair_graze_edge,
          nicolae_sub_lair_graze_edge, nicolae_sub_lair_graze_edge]
Lair:2:   layout_small_grid, palyth_hydra_swamp_entry, gammafunk_ghost_ooze,
          guppyfry_lair_drakes
Lair:3:   layout_hall_layers
Lair:4:   layout_regular_city
Lair:5:   grunt_lair_end_beastmaster, layout_regular_city, slime_entry_1
Snake:1:  layout_chambers
Snake:2:  layout_layer_cave
Snake:3:  layout_chambers, serial_shops, nicolae_take_the_stairs,
          nicolae_triple_integral, uniq_aizul
Snake:4:  snake_pit, layout_cave_town, nicolae_snake_boneroom,
          lemuel_fruit_tree, serial_bayou_shore_b, uniq_vashnia
Orc:1:    layout_caves, serial_shops, shop_statue
Orc:2:    st_orc_mages, layout_caves, serial_shops, bzr_in_the_mist

Skill      XL: |  1  2  3  4  5  6  7  8  9 10 11 12 13 14 15 16 |
---------------+-------------------------------------------------+-----
Axes           | 3 4 5 6 7 9 11 14 16 17 | 17.6
Fighting       | 4 5 7 8 9 13 15 17 18 20 | 20.0
Shields        | 4 10 12 | 12.6
Dodging        | 1 2 3 5 6 9 11 | 11.0
Armour         | 4 5 6 8 10 12 15 16 | 16.0
Invocations    | 2 4 6 7 |  7.0
Throwing       | 2 4 5 |  5.0

Action                   |  1- 3 |  4- 6 |  7- 9 | 10-12 | 13-15 | 16-18 || total
-------------------------+-------+-------+-------+-------+-------+-------++-------
Melee: War axe           |    91 |   108 |   200 |   452 |  1175 |    62 ||  2088
       Headbutt          |    12 |    16 |    33 |   113 |   319 |    57 ||   550
       Unarmed           |       |       |     6 |       |       |       ||     6
       Hand axe          |       |       |       |    17 |     4 |       ||    21
       Broad axe         |       |       |       |       |       |   198 ||   198
Throw: Javelin           |       |       |       |       |    10 |     4 ||    14
       Boomerang         |       |       |       |       |     1 |     5 ||     6
Invok: Heroism           |       |       |     2 |     2 |     6 |     3 ||    13
       Finesse           |       |       |       |     1 |     4 |     1 ||     6
  Use: Potion            |       |     1 |     1 |     1 |       |       ||     3
       Scroll            |       |       |    10 |     9 |    11 |     6 ||    36
 Stab: Petrified         |       |       |       |     2 |       |       ||     2
       Petrifying        |       |       |       |       |     1 |       ||     1
Armor: Scale mail        |    43 |    31 |       |       |       |       ||    74
       Plate armour      |       |     6 |    98 |   202 |   313 |   198 ||   817
       Skin              |       |       |     1 |       |       |       ||     1
       Chain mail        |       |       |       |       |   170 |       ||   170
Dodge: Dodged            |    34 |    42 |    67 |   170 |   418 |   164 ||   895
Block: Buckler           |    27 |    21 |    27 |   106 |   279 |       ||   460
       Kite shield       |       |       |       |       |    28 |   248 ||   276
